 Dungeon Crawl Stone Soup version 0.29.1-2-gbd0b4ee654 (webtiles) character file.

Game seed: 1272245598601639762

18351 H0rd4k the Grappler (level 12, -2/184 HPs)
             Began as an Octopode Artificer on Dec 1, 2022.
             Was an Initiate of Gozag.
             Slain by a reaper
             ... wielding a +3 scythe of freezing
              (27 damage)
             ... in a Gauntlet.
             The game lasted 00:36:04 (18961 turns).

H0rd4k the Grappler (Octopode Artificer)           Turns: 18961, Time: 00:36:05

Health: -2/184     AC: 37    Str: 15    XL:     12   Next: 57%
Magic:  26/26      EV:  2    Int: 23    God:    Gozag
Gold:   1604       SH:  0    Dex: 24    Spells: 20/32 levels left

rFire   + . .      SeeInvis +   F - +7 great mace of Xoassis {protect, rElec rPois SInv Stlth-}
rCold   + . .      Faith    .   (shield currently unavailable)
rNeg    . . .      Spirit   .   (helmet currently unavailable)
rPois   +          Reflect  .   l - amulet of magic regeneration
rElec   +          Harm     .   y - +6 ring of dexterity
rCorr   +          Rampage  .   e - +6 ring of intelligence
Will    .....      NoTele   +   p - ring of poison resistance
Stlth   ..........              g - ring of Aczakh {rPois rF- Str+2 Dex+6}
HPRegen 0.40/turn               i - +4 ring of protection
MPRegen 0.60/turn               B - ring of protection from fire
                                D - +4 ring of evasion
                                E - ring of wizardry

@: berserking, tree-form, resistant, under a protective aura, very quick
A: stationary, stasis, torment immunity, boosted hp, almost no armour,
(amphibious), 8 rings, (camouflage 1), (gelatinous body 1), (nimble swimmer 1),
(tentacles)
a: Renounce Religion, Potion Petition, Call Merchant, Bribe Branch


You were in a Gauntlet.
You worshipped Gozag.
Gozag was most pleased with you.
You were a tree.
You visited 3 branches of the dungeon, and saw 13 of its levels.
You also visited: Bailey and Gauntlet.

You collected 3254 gold pieces.
You spent 1524 gold pieces at shops.
You paid 126 gold pieces to Gozag.

Inventory:

Hand Weapons
 F - the +7 great mace of Xoassis (weapon) {protect, rElec rPois SInv Stlth-}
   (You found it in a bailey)

   It grants its wielder temporary protection when it strikes (+7 to AC).
   rElec:     It insulates you from electricity.
   rPois:     It protects you from poison.
   SInv:      It lets you see invisible.
   Stlth:     It makes you less stealthy.
 G - the +1 executioner's axe "Ishux" {distort, Will+ Int+3 Dex-3}
   (You found it in a bailey)

   It warps and distorts space around it, and may blink, banish, or inflict
   extra damage upon those it strikes.
   Unwielding it can cause banishment or high damage.
   Int:       It affects your intelligence (+3).
   Dex:       It affects your dexterity (-3).
   Will:      It increases your willpower.
Missiles
 x - 44 poisoned darts
Armour
 c - the +0 hat of the Beginning (melded) {rPois rF+}
   (You acquired it on level 7 of the Dungeon)

   rF:        It protects you from fire.
   rPois:     It protects you from poison.
Jewellery
 e - a +6 ring of intelligence (right branch)
 g - the ring of Aczakh (on tentacle) {rPois rF- Str+2 Dex+6}
   (You bought it in a shop on level 7 of the Dungeon)

   [ring of dexterity]

   Str:       It affects your strength (+2).
   Dex:       It affects your dexterity (+6).
   rF:        It makes you vulnerable to fire.
   rPois:     It protects you from poison.
 i - a +4 ring of protection (on tentacle)
 l - an amulet of magic regeneration (around neck)
 p - a ring of poison resistance (on tentacle)
 y - a +6 ring of dexterity (left branch)
 z - a +6 ring of dexterity
 B - a ring of protection from fire (on tentacle)
 C - an amulet of reflection
 D - a +4 ring of evasion (on tentacle)
 E - a ring of wizardry (on tentacle)
Wands
 b - a wand of roots (5)
Scrolls
 a - a scroll of blinking
 f - a scroll of amnesia {unknown}
 j - 3 scrolls of teleportation
 q - 2 scrolls of vulnerability
 u - 5 scrolls of enchant armour
 A - 3 scrolls of fog
Potions
 h - 7 potions of curing
 m - 5 potions of degeneration
 n - 4 potions of haste
 o - a potion of berserk rage
 s - a potion of cancellation
 t - 2 potions of invisibility
 v - 2 potions of mutation
 w - 4 potions of attraction
 H - a potion of magic {unknown}


   Skills:
 + Level 7.8 Fighting
 + Level 4.1 Maces & Flails
 - Level 2.3 Dodging
 - Level 1.3 Stealth
 + Level 11.0 Unarmed Combat
 * Level 10.6 Spellcasting
 * Level 6.2 Summonings
 * Level 2.3 Translocations
 + Level 5.3 Air Magic
 - Level 2.8 Poison Magic
 - Level 3.2 Evocations


You had 20 spell levels left.
You knew the following spells:

 Your Spells              Type           Power      Damage    Failure   Level
a - Summon Small Mammal   Summ           100%       N/A       1%          1
b - Poisonous Vapours     Pois/Air       62%        N/A       1%          2
c - Olgreb's Toxic Radia  Pois           25%        N/A       6%          4
d - Summon Forest         Summ/Tloc      16%        N/A       11%         5

Your spell library contained the following spells:

 Spells                   Type           Power      Damage    Failure   Level
 Apportation              Tloc           46%        N/A       1%          1
 Sting                    Tmut/Pois      72%        1d6       1%          1
 Blink                    Tloc           46%        N/A       1%          2
 Necrotise                Necr           48%        1d6       2%          1
 Gell's Gravitas          Tloc           23%        N/A       2%          3
 Lesser Beckoning         Tloc           23%        N/A       2%          3
 Teleport Other           Tloc           23%        N/A       2%          3
 Flame Wave               Conj/Fire      12%        2d6       21%         4
 Sticky Flame             Conj/Fire      12%        2d4       21%         4
 Manifold Assault         Tloc           23%        N/A       22%         5
 Lee's Rapid Deconstruct  Erth           6%         3d7*      50%         5
 Summon Hydra             Summ           20%        N/A       77%         7
 Eringya's Noxious Bog    Tmut/Pois      9%         N/A       85%         6
 Iron Shot                Conj/Erth      6%         9d2       96%         6


Dungeon Overview and Level Annotations

Branches:
Dungeon (11/15)            Temple (1/1) D:7            Lair (1/5) D:9
    Orc (0/2) D:10         Bailey (visited)         Gauntlet (1/1)

Altars:
Ashenzari
Cheibriados
Dithmenos
Elyvilon
Fedhas
Gozag
Hepliaklqana
Kikubaaqudgha
Makhleb
Nemelex Xobeh
Qazlal
Ru
Sif Muna
Trog
Uskayaw
Vehumet
Wu Jian
Xom
Yredelemnul
Zin
The Shining One

Shops:
D:2 :   D:4 *   D:7 ===[[

Portals:
Trove: D:11 (give 12 potions of heal wounds)

Annotations:
D:2 exclusion: downstairs
D:3 2 transporters, motorez's ghost, amateur SpCj
D:4 1 runed translucent door, exclusion: door, kalagan's ghost, amateur DECj
D:6 exclusion: downstairs
D:7 exclusion: 2 downstairs
D:8 exclusions: downstairs and orc warrior, Psyche
D:10 exclusion: 2 downstairs
D:11 exclusion: hydra, Snorg
Temple 4 transporters
Lair:1 Amaemon Gauntlet 7 transporters, 16 runed translucent doors


Innate Abilities, Weirdness & Mutations

You are a tree.
Your roots penetrate the ground, keeping you stationary.
You cannot be teleported.
You are immune to unholy pain and torment.
Your maximum health is greatly increased.
You cannot wear most types of armour.
((You are amphibious.))
You can wear up to eight rings at the same time.
((Your skin changes colour to match your surroundings (Stealth+).))
((Your rubbery body absorbs attacks. (AC +1, EV +1)))
((You are camouflaged when in or above water. (Stealth+)))
((You have tentacles for arms and can constrict up to eight enemies at once.))


Message History

The reaper is lightly wounded.
The reaper hits you but does no damage.
The reaper hits you with a +3 scythe of freezing!
The reaper freezes you.
You hit the reaper but do no damage.
The reaper is lightly wounded.
The reaper hits you with a +3 scythe of freezing!
The reaper freezes you.
Unknown command.
You hit the reaper. You punch the reaper.
The reaper is moderately wounded.
The reaper hits you but does no damage.
The hellwing hits you but does no damage. x2
Unknown command.
You completely miss the reaper.
The reaper is moderately wounded.
The reaper hits you but does no damage. The hellwing hits you!
* * * LOW HITPOINT WARNING * * *
The hellwing hits you but does no damage.
The reaper hits you but does no damage. The hellwing barely misses you.
The hellwing hits you.
* * * LOW HITPOINT WARNING * * *
You completely miss the reaper.
The reaper is lightly wounded.
The reaper hits you with a +3 scythe of freezing!
* * * LOW HITPOINT WARNING * * *
The reaper freezes you.
* * * LOW HITPOINT WARNING * * *
The hellwing hits you but does no damage. x2
A red film seems to cover your vision as you go berserk!
You feel yourself moving faster!
You feel mighty! The reaper completely misses you. The hellwing hits you.
* * * LOW HITPOINT WARNING * * *
The hellwing hits you but does no damage.
You sock the reaper!
Your weapon exudes an aura of protection.
The reaper is moderately wounded.
The reaper hits you with a +3 scythe of freezing!!
You die...
Your body crumbles into a pile of gold.

###...8.#...#...≈8≈...#.
#8#.....#.©.#....§....#.
###..###########...#####
#..#..+.©.+..#...#YY.#
###..#..+...+..#...#Y.#.
#8#..#++#'#+#++#...#Y##.
###..#..'...+..#...##Y.#
#..#..'...+..#...#Y...
###..#'♣#...#++#...##..#
#8#..#42#+++#..#...#.###
###..#.........#...#.Y#.
#..#..(=©.!..#...#.YY.
###..###########...#####
#8#.....................
###≈............≈§§.....
######################
#8# #§..............


You could see a reaper and a hellwing.

Vanquished Creatures
  A hydra (Lair:1)
  A boulder beetle (D:11)
  3 two-headed ogres (D:11)
  A necromancer (Gauntlet)
  Maurice (D:11)
  An orange demon (Lair:1)
  An unseen horror (D:10)
  2 komodo dragons
  3 hornets
  A raiju (Gauntlet)
  2 wraiths
  4 steam dragons
  26 yaks
  4 water moccasins
  An acid dragon (D:11)
  A black bear (D:4)
  2 sky beasts
  15 orc warriors
  An ice beast (D:5)
  4 ogres
  8 wolves
  11 centaurs
  4 kobold brigands
  A phantom (D:6)
  11 bullfrogs
  3 necrophages
  4 scorpions
  A gnoll sergeant (D:9)
  3 wights (D:9)
  23 killer bees
  8 howler monkeys
  A lava snake (D:7)
  2 jellies (D:7)
  7 orc priests
  A hound (D:6)
  2 iguanas
  4 orc wizards
  3 gnolls (D:9)
  8 adders
  An ufetubus (D:7)
  A worm (D:4)
  2 dart slugs
  43 orcs
  7 bats
  7 endoplasms
  3 giant cockroaches
  6 goblins
  7 hobgoblins
  24 kobolds
  A quokka (D:1)
  11 ball pythons
  3 frilled lizards
  5 rats
301 creatures vanquished.

Vanquished Creatures (collateral kills)
  Joseph (D:7)
  A scorpion (D:4)
  2 jellies (D:5)
  3 gnolls (D:5)
  A dart slug (D:5)
  3 orcs
  A giant cockroach (D:4)
  2 hobgoblins (D:4)
  A ball python (D:4)
  A kobold (D:7)
16 creatures vanquished.

Vanquished Creatures (others)
  A kobold brigand (D:7)
  An orc priest (D:4)
  An iguana (D:5)
  A quokka (D:3)
  A kobold (D:7)
  A plant (D:2)
6 creatures vanquished.

Grand Total: 323 creatures vanquished

Notes
Turn   | Place    | Note
-------+----------+-------------------------------------------
     0 | D:1      | H0rd4k the Octopode Artificer began the quest for the Orb.
     0 | D:1      | Reached XP level 1. HP: 13/13 MP: 1/1
   300 | D:1      | Reached XP level 2. HP: 18/18 MP: 2/2
   771 | D:1      | Reached skill level 1 in Spellcasting
  1163 | D:1      | Reached XP level 3. HP: 16/24 MP: 4/4
  1542 | D:2      | Found Jiluazum's Book Boutique.
  1551 | D:2      | Reached skill level 1 in Unarmed Combat
  1869 | D:2      | Reached XP level 4. HP: 12/30 MP: 6/6
  2227 | D:2      | Identified the +3 ring mail of the Snake Pit {Int+5}
  2499 | D:2      | HP: 1/30 [constriction (1)]
  2847 | D:3      | Noticed an ogre
  2847 | D:3      | Noticed an ogre
  2847 | D:3      | Noticed motorez's ghost (amateur SpCj)
  2847 | D:3      | Found a transporter.
  2851 | D:3      | Noticed an ogre
  2853 | D:3      | Found a white marble altar of Elyvilon.
  3005 | D:3      | Found a transporter.
  3160 | D:3      | Found an ornate altar of the Wu Jian Council.
  3218 | D:3      | Found a radiant altar of Vehumet.
  3345 | D:3      | Reached skill level 2 in Unarmed Combat
  3474 | D:3      | Noticed a bullfrog
  3482 | D:3      | Killed a bullfrog
  3483 | D:3      | Reached XP level 5. HP: 36/36 MP: 8/8
  3492 | D:3      | Found a faded altar of an unknown god.
  3825 | D:4      | Reached skill level 3 in Unarmed Combat
  3849 | D:4      | Noticed a black bear
  4036 | D:4      | Killed a black bear
  4037 | D:4      | Reached XP level 6. HP: 42/42 MP: 8/10
  4048 | D:4      | Reached skill level 4 in Unarmed Combat
  4064 | D:4      | Found a runed translucent door.
  4066 | D:4      | Noticed kalagan's ghost (amateur DECj)
  4091 | D:4      | Reached XP level 7. HP: 47/47 MP: 11/11
  4244 | D:4      | Found Joad's Assorted Antiques.
  4387 | D:4      | Reached skill level 5 in Unarmed Combat
  4737 | D:5      | Entered Level 5 of the Dungeon
  5091 | D:5      | Reached skill level 6 in Unarmed Combat
  5091 | D:5      | Reached XP level 8. HP: 42/54 MP: 13/13
  5493 | D:6      | Reached skill level 7 in Unarmed Combat
  5670 | D:6      | Reached skill level 5 in Fighting
  6274 | D:6      | Reached skill level 8 in Unarmed Combat
  6635 | D:6      | Found an opulent altar of Gozag.
  6636 | D:6      | Found a blossoming altar of Fedhas.
  6637 | D:6      | Found a snail-covered altar of Cheibriados.
  6877 | D:6      | Became a worshipper of Gozag Ym Sagoz the Greedy
  6997 | D:7      | Found Elatoss's Jewellery Shop.
  7008 | D:7      | Noticed a hornet
  7011 | D:7      | Killed a hornet
  7012 | D:7      | Reached XP level 9. HP: 61/61 MP: 15/15
  7025 | D:7      | Found Cazim's Antique Armour Shoppe.
  7099 | D:7      | Found a staircase to the Ecumenical Temple.
  7105 | D:7      | Found Fiklui's Armour Shop.
  7241 | D:7      | Reached skill level 9 in Unarmed Combat
  7333 | Temple   | Entered the Ecumenical Temple
  7333 | Temple   | Found a transporter.
  7333 | Temple   | Found a transporter.
  7594 | Temple   | Found a transporter.
  7594 | Temple   | Found a transporter.
  7637 | D:7      | Found Ithraoge's Jewellery Boutique.
  7809 | D:7      | Found a shadowy altar of Dithmenos.
  7812 | D:7      | Learned a level 1 spell: Summon Small Mammal
  7825 | D:7      | Found Ceqead's Jewellery Shoppe.
  7842 | D:7      | Reached skill level 5 in Spellcasting
  8167 | D:7      | Reached skill level 1 in Summonings
  8200 | D:7      | Found a stormy altar of Qazlal.
  8386 | D:7      | Learned a level 2 spell: Poisonous Vapours
  8434 | D:7      | Reached skill level 10 in Unarmed Combat
  9165 | D:7      | Noticed Joseph
  9170 | D:7      | Identified 2 scrolls of acquirement
  9170 | D:7      | Acquired the +0 hat of the Beginning {rPois rF+}
  9183 | D:7      | Killed Joseph
  9184 | D:7      | Reached XP level 10. HP: 39/68 MP: 16/18
  9401 | D:7      | Acquired 923 gold pieces
  9902 | D:7      | Bought the ring of Aczakh {rPois rF- Str+2 Dex+6} for 666
                  | gold pieces
  9917 | D:7      | Bought a +4 ring of protection for 468 gold pieces
  9940 | D:7      | Bought an amulet of magic regeneration for 390 gold pieces
 10242 | D:8      | Reached skill level 1 in Poison Magic
 10425 | D:8      | Reached skill level 1 in Air Magic
 10874 | D:8      | Noticed Psyche
 11822 | D:9      | Found a staircase to the Lair.
 12685 | D:9      | Reached XP level 11. HP: 67/75 MP: 21/21
 13494 | D:9      | Learned a level 4 spell: Olgreb's Toxic Radiance
 13527 | D:10     | Entered Level 10 of the Dungeon
 13750 | D:10     | Found a staircase to the Orcish Mines.
 13766 | D:10     | Reached skill level 11 in Unarmed Combat
 13796 | D:10     | Found a flagged portal.
 13810 | Bailey   | Entered a bailey
 15116 | Bailey   | Identified the +1 executioner's axe "Ishux" {distort, Will+
                  | Int+3 Dex-3}
 15339 | Bailey   | Identified the +7 great mace of Xoassis {protect, rElec
                  | rPois SInv Stlth-}
 16216 | D:10     | Found a glowing golden altar of the Shining One.
 16296 | D:11     | Noticed a boulder beetle
 16296 | D:11     | Noticed a seven-headed hydra
 16587 | D:11     | Noticed Maurice
 16595 | D:11     | Killed Maurice
 16596 | D:11     | Reached skill level 1 in Maces & Flails
 16596 | D:11     | Reached skill level 5 in Summonings
 16882 | D:11     | Noticed an eight-headed hydra
 16890 | D:11     | Noticed a two-headed ogre
 17283 | D:11     | Killed a boulder beetle
 17447 | D:11     | Noticed a two-headed ogre
 17465 | D:11     | Killed a two-headed ogre
 17551 | D:11     | Noticed a two-headed ogre
 17563 | D:11     | Killed a two-headed ogre
 17661 | D:11     | Found a portal to a secret trove of treasure.
 17701 | D:11     | Noticed Snorg
 17890 | D:11     | Killed a two-headed ogre
 17891 | D:11     | Reached XP level 12. HP: 64/82 MP: 25/25
 18037 | D:11     | Reached skill level 5 in Air Magic
 18108 | D:9      | Learned a level 5 spell: Summon Forest
 18112 | Lair:1   | Entered Level 1 of the Lair of Beasts
 18112 | Lair:1   | Noticed a six-headed hydra
 18138 | Lair:1   | Killed a six-headed hydra
 18194 | Lair:1   | Reached skill level 1 in Translocations
 18209 | Lair:1   | Noticed Amaemon
 18300 | Lair:1   | Reached skill level 10 in Spellcasting
 18352 | Lair:1   | Found a gate leading to a gauntlet.
 18381 | Gauntlet | Entered a Gauntlet
 18381 | Gauntlet | Found a transporter.
 18381 | Gauntlet | Found a transporter.
 18542 | Gauntlet | Found a transporter.
 18542 | Gauntlet | Found a transporter.
 18545 | Gauntlet | Found a transporter.
 18545 | Gauntlet | Found a transporter.
 18555 | Gauntlet | Found a transporter.
 18558 | Gauntlet | Noticed a death scarab
 18559 | Gauntlet | Found a transporter.
 18561 | Gauntlet | Found a large runed translucent door.
 18562 | Gauntlet | Found a large runed translucent door.
 18563 | Gauntlet | Found a large runed translucent door.
 18563 | Gauntlet | Found a large runed translucent door.
 18563 | Gauntlet | Found a runed translucent door.
 18564 | Gauntlet | Found a large runed translucent door.
 18565 | Gauntlet | Found a large runed translucent door.
 18566 | Gauntlet | Found a large runed translucent door.
 18566 | Gauntlet | Found a large runed translucent door.
 18567 | Gauntlet | Found a runed translucent gate.
 18568 | Gauntlet | Noticed a reaper
 18571 | Gauntlet | Noticed a death yak
 18572 | Gauntlet | Noticed a death yak
 18573 | Gauntlet | Noticed a death yak
 18574 | Gauntlet | Found a transporter.
 18574 | Gauntlet | Noticed a death yak
 18575 | Gauntlet | Found a transporter.
 18575 | Gauntlet | Found a runed translucent gate.
 18576 | Gauntlet | Found a runed translucent gate.
 18576 | Gauntlet | Found a runed translucent door.
 18576 | Gauntlet | Noticed a death yak
 18577 | Gauntlet | Noticed a death yak
 18578 | Gauntlet | Found a large runed translucent door.
 18578 | Gauntlet | Found a large runed translucent door.
 18579 | Gauntlet | Found a large runed translucent door.
 18580 | Gauntlet | Found a large runed translucent door.
 18589 | Gauntlet | Found a large runed translucent door.
 18589 | Gauntlet | Found a large runed translucent door.
 18590 | Gauntlet | Found a large runed translucent door.
 18591 | Gauntlet | Found a large runed translucent door.
 18593 | Gauntlet | Found a transporter.
 18597 | Gauntlet | Found a transporter.
 18830 | Gauntlet | Got Gioruim's Secrets of the Fiery Ground
 18961 | Gauntlet | Slain by a reaper

Illustrated notes

Levels and vault maps discovered:
D:1:      psy_arrival_fountain, layout_basic, minmay_pentomino_p4
D:2:      layout_basic, serial_shops, shop, minmay_shallow_snake_nest
D:3:      layout_loops_cross, mainiacjoe_overflow_alcove_2, fiery_altar_vehumet,
          lemuel_crystal_altar, shapermc_ecumenical_altar_notcrosses,
          gammafunk_ghost_smash
D:4:      layout_cave_pools, ebering_ghost_sewer_d, serial_shops,
          nicolae_shop_statue_plus
D:5:      layout_rooms
D:6:      layout_basic, chequers_temple_overflow_statue_of_worship
D:7:      layout_layer_cave, lemuel_doored_altar, mainiacjoe_overflow_paths,
          minmay_temple_entry_mist, serial_shops, nicolae_shop_advertising_works
          [nicolae_subvault_shop_adworks], shop_fountains, shop,
          nicolae_stop_n_shop_2, nicolae_inconvenience_store, uniq_joseph
D:8:      layout_basic, uniq_psyche
D:9:      layout_roguey, lair_entry_dummy, hangedman_abyss_or_decor_stagger
D:10:     layout_loops_ring, tso_altar, orc_0_dummy, enter_bailey_2
D:11:     layout_gridville, nicolae_trove_entry_crossroad, uniq_snorg,
          uniq_maurice
Temple:   hellmonk_temple_divided_pantheon
Lair:1:   layout_hall_layers, gauntlet_entry_generic,
          grunt_forest_large_clearing_hut, grunt_megastairs_4,
          lemuel_fruit_fields, uniq_amaemon
Gauntlet: gammafunk_gauntlet_hard_choice [nicolae_gauntlet_arena_blocks,
          gammafunk_gauntlet_arena_grid, gammafunk_gauntlet_arena_split_diamond,
          nicolae_gauntlet_arena_x, minmay_gauntlet_arena_make_your_own_arena,
          gammafunk_gauntlet_arena_chambers, dreamdust_gauntlet_exit_labyrinth]

Skill      XL: |  1  2  3  4  5  6  7  8  9 10 11 12 |
---------------+-------------------------------------+-----
Spellcasting   | 1 2 3 4 5 7 9 10 | 10.6
Fighting       | 2 3 4 5 6 7 |  7.8
Unarmed Combat | 1 2 3 4 6 8 10 11 | 11.0
Summonings     | 2 3 5 6 |  6.2
Poison Magic   | 2 |  2.8
Air Magic      | 3 4 5 |  5.3
Maces & Flails | 2 4 |  4.1
Translocations | 2 |  2.3
Dodging        | |  2.3
Stealth        | |  1.3
Evocations     | |  3.2

Action                   |  1- 3 |  4- 6 |  7- 9 | 10-12 || total
-------------------------+-------+-------+-------+-------++-------
Melee: Unarmed           |    78 |    77 |   174 |   207 ||   536
       Tentacles         |    18 |    15 |    48 |    84 ||   165
       Constrict         |    16 |    24 |    38 |    48 ||   126
       Punch             |     3 |     5 |    12 |    23 ||    43
       Great mace        |       |       |       |   118 ||   118
 Cast: Poisonous Vapours |       |       |     5 |   284 ||   289
       Summon Small Mamm |       |       |       |    35 ||    35
       Olgreb's Toxic Ra |       |       |       |    21 ||    21
Evoke: Wand              |       |    16 |    33 |    17 ||    66
  Use: Potion            |       |     1 |     1 |     7 ||     9
       Scroll            |       |       |    10 |    18 ||    28
 Stab: Sleeping          |    10 |     6 |     2 |     3 ||    21
       Distracted        |       |     1 |     2 |     5 ||     8
Armor: Skin              |     9 |    13 |     9 |    70 ||   101
Dodge: Dodged            |    36 |    54 |   129 |   438 ||   657
